 Dungeon Crawl Stone Soup version 0.17.0-28-g6e173f8 (console) character file.

1154 Kloppie the Skirmisher (level 8, 0/73 HPs)
             Began as a Centaur Fighter on Nov 25, 2015.
             Was a Follower of Elyvilon.
             Slain by a wight
             ... wielding a +3 halberd of freezing
              (1 damage)
             ... on level 6 of the Dungeon.
             The game lasted 00:07:43 (5221 turns).

Kloppie the Skirmisher (Centaur Fighter)            Turns: 5221, Time: 00:07:43

Health: 0/73       AC:  7    Str: 18    XL:     8   Next: 16%
Magic:  8/8        EV:  9    Int:  7    God:    Elyvilon [*.....]
Gold:   227        SH:  8    Dex: 12    Spells: 0 memorised, 7 levels left

rFire  + . .     SeeInvis .       - Unarmed
rCold  . . .     Clarity  .     a - +0 scale mail
rNeg   . . .     SustAt   .     b - +0 shield
rPois  .         Gourm    .     x - +0 helmet
rElec  .         Spirit   .     (no cloak)
rCorr  .         Warding  .     (no gloves)
rMut   +         Stasis   .     (no barding)
MR     .....                    p - amulet of resist mutation
Stlth  ..........               s - ring of protection from fire
                                l - +4 ring of evasion

@: very quick, not resistant to hostile enchantments, extremely unstealthy
A: hooves 3, deformed body, speed 2, tough skin 3
a: Lesser Healing, Divine Protection, Renounce Religion


You were on level 6 of the Dungeon.
You worshipped Elyvilon.
Elyvilon was aware of your devotion.
You were not hungry.

You visited 1 branch of the dungeon, and saw 6 of its levels.

You collected 227 gold pieces.

Inventory:

Armour
 a - a +0 scale mail (worn)
 b - a +0 shield (worn)
 r - a +1 chain mail
 x - a +0 helmet (worn)
Jewellery
 i - an uncursed ring of magical power
 l - a +4 ring of evasion (left hand)
 p - an amulet of resist mutation (around neck)
 s - a ring of protection from fire (right hand)
Wands
 y - a wand of digging (20)
Scrolls
 e - 2 scrolls of remove curse
 f - 2 scrolls of recharging
 g - a scroll of identify
 j - a scroll of amnesia
 o - 2 scrolls of teleportation
 w - a scroll of enchant weapon
Potions
 c - 2 potions of might
 h - a potion of magic
 n - a potion of brilliance
 q - 3 potions of lignification
 C - a potion of ambrosia {unknown}
Comestibles
 d - 6 bread rations
 k - a beef jerky
 m - a chunk of flesh
 z - a fruit
 A - a royal jelly


   Skills:
 + Level 7.5 Fighting
 - Level 2.1 Armour
 - Level 2.1 Shields
 + Level 7.1 Unarmed Combat


You had 7 spell levels left.
You didn't know any spells.

Dungeon Overview and Level Annotations

Branches:
Dungeon (6/15)             Temple (0/1) D:5

Altars:
Cheibriados
Elyvilon
Makhleb
Trog
Zin

Shops:
D:4 [

Annotations:
D:5 1 runed door


Innate Abilities, Weirdness & Mutations

You have hooves in place of feet.
Armour fits poorly on your strangely shaped body.
You cover ground very quickly.
You have extremely tough skin (AC +3).


Message History

* * * LOW HITPOINT WARNING * * *
The wight freezes you.
* * * LOW HITPOINT WARNING * * *
You hit the orc priest. You kick the orc priest.
The orc priest is lightly wounded.
You block the wight's attack. The orc priest barely misses you.
You closely miss the orc priest. You kick the orc priest.
The orc priest is moderately wounded.
You block the orc priest's attack.
The wight hits you from afar with a halberd of freezing.
* * * LOW HITPOINT WARNING * * *
The wight freezes you.
* * * LOW HITPOINT WARNING * * *
You closely miss the orc priest.
The orc priest is moderately wounded.
You block the orc priest's attack.
You hit the orc priest. You kick the orc priest.
The orc priest is heavily wounded.
The wight hits you from afar with a halberd of freezing.
You die...

##################
#>................
#.################
#.# #.# #.# #.#
#@# #o#
#.....z......
#.........###
#.........#
#.........#
#####.......
#########


You could see a wight and an orc priest.

Vanquished Creatures
  A sky beast (D:5)
  A centaur (D:4)
  A giant frog (D:6)
  A water moccasin zombie (D:6)
  A killer bee (D:5)
  2 scorpions
  3 wights (D:6)
  A crimson imp (D:6)
  A jelly (D:5)
  An orc priest (D:6)
  Jessica (D:3)
  A giant frog skeleton (D:6)
  An orc wizard (D:6)
  9 worker ants
  An iguana (D:5)
  7 adders
  A shadow imp (D:5)
  An ooze (D:2)
  A worm (D:3)
  4 orcs
  8 bats
  7 giant cockroaches
  9 goblins
  5 hobgoblins
  3 quokkas
  3 giant geckos
  5 giant newts
  9 jackals
  A jackal skeleton (D:4)
  10 kobolds
  A quokka skeleton (D:4)
  7 rats
108 creatures vanquished.

Notes
Turn   | Place    | Note
--------------------------------------------------------------
     0 | D:1      | Kloppie the Centaur Fighter began the quest for the Orb.
     0 | D:1      | Reached XP level 1. HP: 19/19 MP: 1/1
   197 | D:1      | Reached XP level 2. HP: 26/26 MP: 2/2
   765 | D:2      | Found a burning altar of Makhleb.
   782 | D:1      | Reached XP level 3. HP: 17/33 MP: 3/3
  1445 | D:2      | Reached skill level 4 in Fighting
  1558 | D:2      | Reached XP level 4. HP: 31/40 MP: 4/4
  1572 | D:2      | Found a glowing silver altar of Zin.
  1983 | D:3      | Found a white marble altar of Elyvilon.
  1992 | D:3      | Became a worshipper of Elyvilon the Healer
  2513 | D:3      | Found a snail-covered altar of Cheibriados.
  2515 | D:3      | Noticed Jessica
  2524 | D:3      | Killed Jessica
  2524 | D:3      | Reached XP level 5. HP: 38/47 MP: 5/5
  2798 | D:4      | Found a bloodstained altar of Trog.
  2896 | D:4      | Found Tymiapt's Armour Boutique.
  3005 | D:4      | Reached * piety under Elyvilon
  3430 | D:4      | Noticed a centaur
  3441 | D:4      | Killed a centaur
  3441 | D:4      | Reached skill level 5 in Fighting
  3441 | D:4      | Reached skill level 5 in Unarmed Combat
  3441 | D:4      | Reached XP level 6. HP: 14/56 MP: 6/6
  3856 | D:5      | Entered Level 5 of the Dungeon
  3950 | D:5      | Found a runed door.
  4503 | D:5      | Found a staircase to the Ecumenical Temple.
  4619 | D:5      | Found a runed door.
  4638 | D:5      | Reached skill level 6 in Fighting
  4638 | D:5      | Reached XP level 7. HP: 43/63 MP: 7/7
  4892 | D:6      | Reached skill level 7 in Fighting
  5138 | D:6      | Reached XP level 8. HP: 73/73 MP: 8/8
  5219 | D:6      | HP: 1/73 [wight/halberd of freezing (3)]
  5221 | D:6      | Slain by a wight

Action                   |  1- 3 |  4- 6 |  7- 9 || total
-------------------------+-------+-------+-------++-------
Melee: Unarmed           |   176 |   217 |   109 ||   502
  Use: Scroll            |       |    15 |       ||    15
       Potion            |       |     1 |     2 ||     3
  Eat: Chunk             |     1 |     5 |       ||     6
       Meat ration       |       |     1 |       ||     1
